 Dungeon Crawl Stone Soup version 0.30.1-9-gdf580d7c3d (webtiles) character file.

Game seed: 9653795857935387885

1400 lonewolfV2 the Covered (level 8, -7/64 (73) HPs)
             Began as a Minotaur Fighter on Oct 17, 2023.
             Mangled by a wight
             ... wielding a +4 battleaxe
              (14 damage)
             ... on level 7 of the Dungeon.
             The game lasted 00:08:32 (6516 turns).

lonewolfV2 the Covered (Minotaur Fighter)           Turns: 6516, Time: 00:08:34

HP:   -7/64 (73)    AC:  7    Str: 23    XL:     8   Next: 41%
MP:   7/7           EV:  7    Int: 11    God:
Gold: 426           SH: 14    Dex: 10    Spells: 7/7 levels left

rFire   + . .        a - +1 war axe (flame)
rCold   . . .        i - +1 tower shield
rNeg    . . .        b - +0 scale mail
rPois   .            (helmet restricted)
rElec   .            (no cloak)
rCorr   .            (no gloves)
SInv    .            (no boots)
Will    .....        (no amulet) Stlth
                     n - ring of protection from fire
HPRegen 0.30/turn    o - +6 ring of intelligence
MPRegen 0.10/turn

%: no passive effects
@: heavily drained
A: horns 2, retaliatory headbutt
a: no special abilities


You were on level 7 of the Dungeon.
You visited 1 branch of the dungeon, and saw 7 of its levels.
You also visited: Ossuary.

You collected 426 gold pieces.

Inventory:

Hand Weapons
 a - a +1 war axe of flaming (weapon)
Armour
 b - a +0 scale mail (worn)
 i - a +1 tower shield (worn)
Jewellery
 n - a ring of protection from fire (left hand)
 o - a +6 ring of intelligence (right hand)
 q - a ring of resist corrosion
 t - a ring of positive energy
Wands
 v - a wand of flame (15)
Scrolls
 s - a scroll of amnesia
 u - a scroll of magic mapping
 w - a scroll of enchant armour
Potions
 c - 5 potions of curing
 d - a potion of might
 e - a potion of brilliance {unknown}
 f - 2 potions of degeneration
 g - a potion of cancellation
 h - 2 potions of invisibility {unknown}
 j - 5 potions of mutation
 k - a potion of magic {unknown}
 l - a potion of ambrosia {unknown}
 m - 3 potions of lignification {unknown}
 p - a potion of attraction {unknown}
 r - 3 potions of haste {unknown}
 x - a potion of resistance {unknown}


   Skills:
 + Level 7.2 Fighting
 + Level 6.6 Axes
 + Level 7.2 Armour
 + Level 7.1 Shields


You had 7 spell levels left.
You didn't know any spells.
Your spell library contained the following spells:

 Spells                   Type           Power      Damage    Failure   Level
 Sting                    Tmut/Pois      0%         1d3       98%         1
 Poisonous Vapours        Pois/Air       0%         N/A       99%         2
 Call Canine Familiar     Summ           0%         N/A       100%        3
 Portal Projectile        Hex/Tloc       0%         N/A       100%        3
 Cause Fear               Hex            0%         N/A       100%        4
 Leda's Liquefaction      Hex/Erth       0%         N/A       100%        4
 Olgreb's Toxic Radiance  Pois           0%         N/A       100%        4
 Dragon Form              Tmut           0%         N/A       100%        7
 Dragon's Call            Summ           0%         N/A       100%        9


Dungeon Overview and Level Annotations

Branches:
Dungeon (7/15)             Temple (0/1) D:4         Ossuary (visited)

Altars:
Gozag
Okawaru
Ru
Trog
Wu Jian

Shops:
D:1 =

Annotations:
D:3 2 transporters


Innate Abilities, Weirdness & Mutations

You have a pair of horns on your head.
You reflexively headbutt those who attack you in melee.


Message History

Partly explored, can't reach some places.
Partly explored, can't reach some places.
Partly explored, can't reach some places.
There is a stone staircase leading down here.
You climb downwards.
There is a stone staircase leading up here.
You barely miss the wight.
The wight hits you with a +3 short sword of freezing.
You feel drained. The wight freezes you.
You barely miss the wight. You hit the wight but do no damage.
The wight hits you with a +0 long sword!
The wight hits you with a +3 short sword of freezing.
You feel drained. The wight freezes you. You block the scorpion's attack.
You closely miss the wight. You hit the scorpion. You burn the scorpion.
You barely miss the wight. You block the wight's attack. x2
You block the scorpion's attack. The wight hits you with a +4 mace.
You feel drained.
The wight hits you with a +3 short sword of freezing.
You feel drained. The wight freezes you.
The wight hits you with a +0 long sword!
You feel drained.
The scorpion stings you but does no damage.
You closely miss the wight. Your headbutt misses the wight.
You hit the scorpion. You burn the scorpion.
You hit the wight but do no damage. You closely miss the wight.
The scorpion stings you. The wight barely misses you.
You block the wight's attack. The wight hits you with a +4 mace!
You hit the wight but do no damage. You headbutt the wight.
The wight is moderately damaged.
You closely miss the wight. You hit the wight. You burn the wight.
You barely miss the wight. You closely miss the scorpion.
You block the scorpion's attack.
The wight hits you with a +0 long sword.
* * * LOW HITPOINT WARNING * * *
You feel drained.
* * * LOW HITPOINT WARNING * * *
You block the wight's attack. The wight hits you with a +4 mace!
* * * LOW HITPOINT WARNING * * *
The wight hits you with a +4 battleaxe!
You die...

#......... ...
#........##..
............
...........
..........##
...........##
#.....zz....##
#.....z@s....#
##....z.##.#..#
########


You could see a scorpion and 4 wights.

Vanquished Creatures
  A water moccasin (D:3)
  An ice beast (D:5)
  2 black bears
  An elf zombie (Ossuary)
  A bullfrog (D:6)
  A scorpion (D:6)
  A howler monkey (D:6)
  3 centaur zombies (Ossuary)
  A human zombie (Ossuary)
  A jelly (D:6)
  An orc priest (D:5)
  3 hounds
  An iguana (D:4)
  4 orc wizards
  3 hound zombies (Ossuary)
  3 mummies (Ossuary)
  Robin (D:4)
  4 gnolls
  6 adders
  A shadow imp (D:6)
  A white imp (D:5)
  2 ufetubi
  2 adder zombies (Ossuary)
  2 worms
  3 dart slugs
  29 orcs
  8 ball pythons
  6 bats
  8 endoplasms
  5 giant cockroaches
  2 gnoll zombies (Ossuary)
  14 goblins
  11 hobgoblins
  16 jackals
  7 kobolds
  4 quokkas
  2 frilled lizards
  3 goblin zombies (Ossuary)
  4 hobgoblin zombies (Ossuary)
  3 jackal zombies (Ossuary)
  5 kobold zombies (Ossuary)
  6 quokka zombies (Ossuary)
  5 rats
  3 rat zombies (Ossuary)
191 creatures vanquished.

Notes
Turn   | Place    | Note
-------+----------+-------------------------------------------
     0 | D:1      | lonewolfV2 the Minotaur Fighter began the quest for the
                  | Orb.
     0 | D:1      | Reached XP level 1. HP: 19/19 MP: 0/0
    70 | D:1      | Found Bidghon's Jewellery Shoppe.
   143 | D:1      | Reached XP level 2. HP: 27/27 MP: 1/1
   884 | D:1      | Reached XP level 3. HP: 33/33 MP: 2/2
  1905 | D:3      | Reached XP level 4. HP: 23/41 MP: 3/3
  2098 | D:3      | Noticed a water moccasin
  2107 | D:3      | Killed a water moccasin
  2108 | D:3      | Reached XP level 5. HP: 41/47 MP: 4/4
  2153 | D:3      | Found a transporter.
  2245 | D:3      | Found a transporter.
  2267 | D:3      | Reached skill level 5 in Fighting
  2331 | D:3      | Reached skill level 5 in Armour
  2532 | D:3      | Reached skill level 5 in Shields
  2957 | D:4      | Reached XP level 6. HP: 56/56 MP: 5/5
  2977 | D:4      | Noticed Robin
  2990 | D:4      | Killed Robin
  3208 | D:4      | Found an iron altar of Okawaru.
  3211 | D:4      | Identified the +10 short sword of Zown {pain, rC+ rN+
                  | Int+2}
  3792 | D:4      | Found a staircase to the Ecumenical Temple.
  4192 | D:5      | Entered Level 5 of the Dungeon
  4192 | D:5      | Noticed an ice beast
  4199 | D:5      | Killed an ice beast
  4200 | D:5      | Reached skill level 5 in Axes
  4200 | D:5      | Reached XP level 7. HP: 42/62 MP: 6/6
  4890 | D:5      | Found a sacrificial altar of Ru.
  5018 | D:5      | Found a bloodstained altar of Trog.
  5347 | D:6      | Found an opulent altar of Gozag.
  5530 | D:6      | Found a sand-covered staircase.
  5569 | D:6      | Found an ornate altar of the Wu Jian Council.
  5580 | Ossuary  | Entered an ossuary
  5650 | Ossuary  | Reached XP level 8. HP: 66/71 MP: 7/7
  6516 | D:7      | Mangled by a wight

Illustrated notes

Levels and vault maps discovered:
D:1:      minmay_arrival_checkered_box, layout_basic, serial_shops, shop
D:2:      layout_basic, serial_glass, glass_columns_c, glass_columns_b
D:3:      layout_basic, gammafunk_ghost_stat_death, minmay_misc_feat_doors
D:4:      layout_basic, mainiacjoe_overflow_alcove_2,
          minmay_temple_entry_antechambers, minmay_close_crescents, uniq_robin
D:5:      layout_gridville, general_overflow_altar, lemuel_doored_altar
D:6:      layout_basic, nicolae_gozag_cash_rules_everything_around_me,
          lemuel_tele_altar, nicolae_ossuary_entry_monument
D:7:      minmay_flawed_box, layout_rooms, kennysheep_mini_moat,
          nemelex_diamond_rough_becter, lemuel_coloured_pillars_altar,
          nicolae_stop_n_shop_1, kennysheep_minor_cross, kennysheep_flooded_box

Skill      XL: |  1  2  3  4  5  6  7  8 |
---------------+-------------------------+-----
Fighting       | 4 5 6 7 |  7.2
Armour         | 4 5 6 7 |  7.2
Shields        | 4 5 6 7 |  7.1
Axes           | 3 4 5 6 |  6.6

Action                     |  1- 3 |  4- 6 |  7- 9 || total
---------------------------+-------+-------+-------++-------
  Melee: War axe           |    82 |   136 |   141 ||   359
         Headbutt          |    13 |    21 |    23 ||    57
    Use: Scroll            |     6 |     4 |     4 ||    14
 Armour: Scale mail        |    35 |    56 |    61 ||   152
  Dodge: Dodged            |    33 |    37 |    29 ||    99
  Block: Buckler           |     2 |       |       ||     2
         Tower shield      |    61 |   129 |   145 ||   335
